 Dungeon Crawl Stone Soup version 0.27.1-35-g4d5d836560 (webtiles) character file.

Game seed: 12945938110896808016

189 CrazyMind the Digger (level 5, 0/48 HPs)
             Began as an Octopode Earth Elementalist on July 9, 2022.
             Succumbed to a kobold brigand's curare-tipped dart
             ... on level 3 of the Dungeon.
             The game lasted 00:14:27 (3751 turns).

CrazyMind the Digger (Octopode Earth Elementalist)  Turns: 3751, Time: 00:14:28

Health: 0/48       AC: 22    Str: 14    XL:     5   Next: 68%
Magic:  9/9        EV:  2    Int: 18    God:
Gold:   64         SH:  0    Dex: 12    Spells: 1/9 levels left

rFire    . . .     SeeInvis .   q - +2 dagger (speed)
rCold    . . .     Faith    .   (no shield)
rNeg     + + +     Spirit   .   (helmet currently unavailable)
rPois    +         Reflect  .   (no amulet)
rElec    .         Harm     .   k - +6 ring of strength
rCorr    .         Rampage  .   (no ring)
Will     .....     NoTele   +   (no ring)
Stlth    +++.......             (no ring)
HPRegen  0.16/turn              (no ring)
MPRegen  0.11/turn              (no ring)
                                (no ring)
                                (no ring)

@: lethally poisoned (0 -> -13), tree-form, hasted and slowed
A: stationary, stasis, torment immunity, boosted hp, almost no armour,
(amphibious), 8 rings, (camouflage 1), (gelatinous body 1), (nimble swimmer 1),
(tentacles)
a: no special abilities


You were on level 3 of the Dungeon.
You were a tree.
You visited 1 branch of the dungeon, and saw 4 of its levels.

You collected 64 gold pieces.

Inventory:

Hand Weapons
 o - a +0 dagger
 q - a +2 dagger of speed (weapon)
Missiles
 b - 111 stones
 g - 47 poisoned darts (quivered)
Magical Staves
 j - a staff of death
Jewellery
 k - a +6 ring of strength (left branch)
Wands
 d - a wand of mindburst (11)
Scrolls
 a - 3 scrolls of amnesia
 h - a scroll of immolation {unknown}
 i - 2 scrolls of teleportation
 l - a scroll of magic mapping {unknown}
 m - a scroll of noise {unknown}
 n - a scroll of holy word {unknown}
Potions
 f - a potion of mutation {unknown}
 p - a potion of curing {unknown}


   Skills:
 + Level 0.6 Fighting
 * Level 0.4 Throwing
 + Level 2.4 Dodging
 + Level 4.3 Stealth
 * Level 2.9 Spellcasting
 * Level 0.6 Conjurations
 - Level 1.0 Transmutations
 * Level 4.5 Earth Magic


You had one spell level left.
You knew the following spells:

 Your Spells              Type           Power      Damage    Failure   Level
a - Sandblast             Erth           38%        2d10      2%          1
b - Passwall              Tmut/Erth      10%        N/A       8%          2
c - Stone Arrow           Conj/Erth      24%        3d8       17%         3
d - Blink                 Tloc           N/A        N/A       26%         2

Your spell library contained the following spells:

 Spells                   Type           Power      Damage    Failure   Level
 Ignite Poison            Fire/Tmut/Pois 3%         N/A       41%         3
 Mephitic Cloud           Conj/Pois/Air  3%         N/A       41%         3
 Lesser Beckoning         Tloc           1%         N/A       45%         3
 Petrify                  Tmut/Erth      12%        N/A       45%         4
 Bolt of Magma            Conj/Fire/Erth 4%         4d5       92%         5
 Manifold Assault         Tloc           2%         N/A       99%         5


Dungeon Overview and Level Annotations

Branches:
Dungeon (4/15)
 Temple: D:4-7

Altars:
Sif Muna

Annotations:
D:3 1 runed translucent door, exclusions: kobold brigand and phantom, Delamore's ghost, amateur OpBr
D:4 exclusions: centaur and 2 ogres


Innate Abilities, Weirdness & Mutations

You are a tree.
Your roots penetrate the ground, keeping you stationary.
You cannot be teleported.
You are immune to unholy pain and torment.
Your maximum health is greatly increased.
You cannot wear most types of armour.
((You are amphibious.))
You can wear up to eight rings at the same time.
((Your skin changes colour to match your surroundings (Stealth+).))
((Your rubbery body absorbs attacks. (AC +1, EV +1)))
((You are camouflaged near water. (Stealth+)))
((You have tentacles for arms and can constrict up to eight enemies at once.))


Message History

You kill the kobold brigand!
b - 111 stones You feel sick.
You feel sick.
You feel sick.
g - 47 poisoned darts (gained 10)
You see here a +2 dagger of speed.
You feel sick.
Your tentacles tingle!
q - a +2 dagger of speed (weapon)
Drop what? 17/52 slots (_ for help) (? for menu, Esc to quit)
You drop a +0 dagger.
You feel sick.
o - a +0 dagger You feel sick.
Your magical contamination has completely faded away.
You start resting.
You feel sick. x2
You are no longer poisoned.
You start resting.
A kobold brigand comes into view.
It is wielding a +0 club and quivering curare-tipped darts.
The kobold brigand throws a curare-tipped dart.
The curare-tipped dart hits you.
You are poisoned.
You have difficulty breathing.
You feel yourself slow down.
You are lethally poisoned (14 -> -6).
You are slowed.
You have 6 tentacles available for constriction.
Your movement speed is very slow.
Your attack delay is about 1.0.
Your base attributes are Str 8, Int 18, Dex 12.
It was a potion of lignification.
You turn into a tree.
Your roots penetrate the ground.
You feel very sick.
The kobold brigand throws a curare-tipped dart.
The curare-tipped dart hits you.
You have difficulty breathing.
* * * LOW HITPOINT WARNING * * *
You feel as though you will be slow longer.
Okay, then.
You are lethally poisoned (5 -> -9).
You are a tree.
You are slowed.
Your movement speed is very slow.
Your attack delay is about 1.0.
Your base attributes are Str 8, Int 18, Dex 12.
It was a potion of haste.
You feel yourself speed up.
You die...

#W....##........# #####...##
⌠.!♣!.⌠#........# #.........
#.....##........# #.........
##...##........#### #.........
.##⌠##..####.#....######.........
..###.....................>......
.......#.####..#.................
.......#..##...#########.........
#########.##..#.♣.......##+###'#+
#####.##..#.###.#.#K##.....#.
#.....##.....##.#.#.####...#.
#......#..##.##.#.#.# #.#...
#....#.#.....##...#.####.#..)
#....#.#...########.##...#.)#
#####....#.........#..#.##.#≈#).#
...##....+.....###.#....##.≈≈#..#
...##....##...## #.#.......≈≈##..


You could see a kobold brigand.

Vanquished Creatures
  A kobold brigand (D:3)
  6 adders
  An adder skeleton (D:4)
  2 worms
  3 ball pythons
  4 bats
  9 endoplasms
  4 giant cockroaches
  3 goblins
  8 hobgoblins
  2 jackals (D:2)
  3 quokkas
  6 kobolds
  3 rats
55 creatures vanquished.

Notes
Turn   | Place    | Note
-------+----------+-------------------------------------------
     0 | D:1      | CrazyMind the Octopode Earth Elementalist began the quest
                  | for the Orb.
     0 | D:1      | Reached XP level 1. HP: 11/11 MP: 3/3
   390 | D:1      | Reached XP level 2. HP: 15/17 MP: 5/5
   393 | D:1      | Learned a level 2 spell: Passwall
   561 | D:1      | Found a faded altar of an unknown god.
  1481 | D:2      | Reached XP level 3. HP: 21/21 MP: 4/6
  1485 | D:2      | Learned a level 3 spell: Stone Arrow
  2241 | D:2      | Reached XP level 4. HP: 27/27 MP: 4/7
  2764 | D:3      | Noticed a phantom
  2789 | D:3      | Noticed Delamore's ghost (amateur OpBr)
  2927 | D:3      | Found a shimmering blue altar of Sif Muna.
  3225 | D:3      | Noticed a kobold brigand
  3366 | D:4      | Noticed an ogre
  3382 | D:4      | Reached XP level 5. HP: 32/32 MP: 8/8
  3385 | D:4      | Learned a level 2 spell: Blink
  3392 | D:4      | Noticed an ogre
  3429 | D:4      | Noticed a centaur
  3586 | D:3      | Found a runed translucent door.
  3716 | D:3      | Killed a kobold brigand
  3746 | D:3      | Noticed a kobold brigand
  3751 | D:3      | Succumbed to a kobold brigand's curare-tipped dart

Illustrated notes

Levels and vault maps discovered:
D:1:      dpeg_arrival_prison, layout_rooms, serial_co_window_serial,
          co_window_paths_a, co_window_of_opportunity_a, co_window_corner_a,
          co_window_paths_a, co_window_corner_a, co_window_cross_2,
          co_window_2corner, co_window_cross_3, co_window_paths_e,
          glass_columns_a, glass_columns_a, glass_columns_b,
          ebering_ecumenical_altar_rust
D:2:      layout_basic
D:3:      cheibrodos_thug_alley, layout_basic, nicolae_sif_muna_condensation,
          serial_shops, nicolae_diamond_shop, hellmonk_ghost_happy_afterlife,
          kennysheep_decorative_pillar
D:4:      layout_layer_cave, chequers_serial_rivers_small_3, uniq_grinder

Skill      XL: |  1  2  3  4 |
---------------+-------------+-----
Stealth        | 3 4 |  4.3
Earth Magic    | 4 |  4.5
Fighting       | |  0.6
Throwing       | |  0.4
Dodging        | |  2.4
Spellcasting   | |  2.9
Conjurations   | |  0.6
Transmutations | |  1.0

Action                   |  1- 3 |  4- 6 || total
-------------------------+-------+-------++-------
Melee: Unarmed           |     9 |       ||     9
       Whip              |    51 |    24 ||    75
       Tentacles         |    11 |     9 ||    20
       Constrict         |     9 |    10 ||    19
       Dagger            |       |    18 ||    18
Throw: Dart              |     1 |       ||     1
 Cast: Sandblast         |     8 |    18 ||    26
       Passwall          |       |     2 ||     2
Evoke: Wand              |       |     2 ||     2
  Use: Scroll            |       |     2 ||     2
       Potion            |       |     2 ||     2
 Stab: Sleeping          |    13 |     9 ||    22
Armor: Skin              |     4 |     4 ||     8
Dodge: Dodged            |    37 |    36 ||    73
